 Dungeon Crawl Stone Soup version 0.32-a0-132-g2d33c3cfaf (webtiles) character file.

Game seed: 10388520924443008926

12 SmokeWeed the Sneak (level 2, -1/16 HPs)
             Began as a Kobold Enchanter on Feb 9, 2024.
             Succumbed to a goblin's poison
             ... on level 1 of the Dungeon.
             The game lasted 00:01:46 (204 turns).

SmokeWeed the Sneak (Kobold Enchanter)               Turns: 204, Time: 00:01:47

Health: -1/16      AC:  2    Str:  5    XL:     2   Next: 45%
Magic:  1/5        EV: 15    Int: 16    God:
Gold:   4          SH:  0    Dex: 15    Spells: 3/5 levels left

rFire   . . .        a - +1 dagger
rCold   . . .        (no shield)
rNeg    . . .        b - +0 robe
rPois   .            (no helmet)
rElec   .            (no cloak)
rCorr   .            (no gloves)
SInv    .            (no boots)
Will    .....        (no amulet)
Stlth   ++++         (no ring)
HPRegen 0.22/turn    (no ring)
MPRegen 0.09/turn

%: no passive effects
@: lethally poisoned (-1 -> -9), very slightly contaminated
A: small, no large weapons, nightstalker 3
a: no special abilities


You were on level 1 of the Dungeon.
You visited 1 branch of the dungeon, and saw 1 of its levels.

You collected 4 gold pieces.

Inventory:

Hand Weapons
 a - a +1 dagger (weapon)
Armour
 b - a +0 robe (worn)
Magical Staves
 e - a staff of death
Potions
 c - 2 potions of invisibility
 d - 2 potions of curing {unknown}
 f - a potion of haste {unknown}


   Skills:
 * Level 0.5 Fighting
 * Level 2.3 Short Blades
 * Level 2.9 Dodging
 - Level 4.0 Stealth
 - Level 2.1 Spellcasting
 - Level 3.0 Hexes


You had 3 spell levels left.
You knew the following spells:

 Your Spells              Type           Power      Damage    Failure   Level
a - Ensorcelled Hibernat  Hex/Ice        12%        N/A       17%         2

Your spell library contained the following spells:

 Spells                   Type           Power      Damage    Failure   Level
 Confusing Touch          Hex            11%        N/A       19%         3
 Tukima's Dance           Hex            11%        N/A       19%         3
 Dazzling Flash           Conj/Hex       12%        N/A       32%         3


Dungeon Overview and Level Annotations

Branches:
Dungeon (1/15)

Altars:


Innate Abilities, Weirdness & Mutations

You are small and have problems with some larger weapons.
You are completely attuned to the shadows.


Message History

The goblin is heavily wounded.
The goblin misses you.
You barely miss the goblin.
The goblin is heavily wounded.
The goblin hits you with a +2 dagger of venom.
You are poisoned.
You miss the goblin.
The goblin is heavily wounded.
You feel sick.
You feel sick.
Casting: Ensorcelled Hibernation (safe; 17% risk of failure)
Confirm with . or Enter, or press ? or * to list all spells.
Aiming: Ensorcelled Hibernation (safe; 17% risk of failure)
Press: ? - help, Shift-Dir - straight line, f - goblin
Aim: a goblin, wielding a +2 dagger of venom (heavily wounded, chance to affect: 57%)
You miscast Ensorcelled Hibernation.
You are very lightly contaminated with residual magic.
Nothing appears to happen.
You feel sick.
The goblin hits you with a +2 dagger of venom.
You are lethally poisoned!
Casting: Ensorcelled Hibernation (safe; 17% risk of failure)
Confirm with . or Enter, or press ? or * to list all spells.
Aiming: Ensorcelled Hibernation (safe; 17% risk of failure)
Press: ? - help, Shift-Dir - straight line, f/p - goblin
Aim: a goblin, wielding a +2 dagger of venom (heavily wounded, chance to affect: 57%)
You miscast Ensorcelled Hibernation.
Nothing appears to happen.
You feel very sick. The goblin barely misses you.
Casting: Ensorcelled Hibernation (safe; 17% risk of failure)
Confirm with . or Enter, or press ? or * to list all spells.
You don't have enough magic to cast this spell.
Unknown command.
You barely miss the goblin.
The goblin is heavily wounded.
You feel very sick.
The goblin hits you with a +2 dagger of venom.
* * * LOW HITPOINT WARNING * * *
You hit the goblin.
You kill the goblin!
You die...

#≈≈≈≈≈..≈≈§≈≈#
#....§.......#
######''######
#~~~~~..~~~~~#
##~.#~..........~#
.≈(#~.########.~#
#~.#~..........~#
####~ß#~~~~~..~~~~~#
....~@######''######.~
###~).ß..ß....ß..ß..~
#..~~~~~~~~..~~~~~~~~
#.###........###...##
#. #..#...#.###...#. #
#..##.##.........
#..#####.........
##..# #...~PP.P.
#...#####.#.~P~~~.


There were no monsters in sight!

Vanquished Creatures
  2 endoplasms (D:1)
  2 giant cockroaches (D:1)
  2 goblins (D:1)
  A quokka (D:1)
  2 ball pythons (D:1)
  A kobold (D:1)
  2 rats (D:1)
12 creatures vanquished.

Notes
Turn   | Place    | Note
-------+----------+-------------------------------------------
     0 | D:1      | SmokeWeed the Kobold Enchanter began the quest for the Orb.
     0 | D:1      | Reached XP level 1. HP: 10/10 MP: 3/3
   120 | D:1      | Reached XP level 2. HP: 15/15 MP: 5/5
   155 | D:1      | Learned a level 2 spell: Ensorcelled Hibernation
   204 | D:1      | Succumbed to a goblin's poison

Illustrated notes

Levels and vault maps discovered:
D:1:      lightli_arrival_isolated_outpost, layout_loops_cross, serial_bayou,
          serial_bayou_crossing, serial_bayou_ford_a, serial_bayou_shore_b,
          serial_bayou_pond_c, serial_shops, shop

Skill      XL: |  1 |
---------------+----+-----
Short Blades   | 2 |  2.3
Fighting       | |  0.5
Dodging        | |  2.9
Stealth        | |  4.0
Spellcasting   | |  2.1
Hexes          | |  3.0

Action                     || total
---------------------------++-------
  Melee: Dagger            ||    26
         Punch             ||     1
   Stab: Sleeping          ||     8
 Armour: Robe              ||     5
  Dodge: Dodged            ||    12

Table legend: (Time is in decaauts)
 A = Elapsed time spent in this place.
 B = Non-inter-level travel time spent in this place.
 C = Inter-level travel time spent in this place.
 D = Time resting spent in this place.
 E = Time spent auto-exploring this place.
 F = Levels seen in this place.
 G = Mean time per level.
                   A        B        C        D        E       F      G
               +--------+--------+--------+--------+--------+-----+--------+
         Total |    203 |    191 |     12 |      0 |    117 |   1 |  203.0 |
       Dungeon |    203 |    191 |     12 |      0 |    117 |   1 |  203.0 |
               +--------+--------+--------+--------+--------+-----+--------+

Top non-repeatable levels by time:
     D:1: 203 daAuts
